 Dungeon Crawl Stone Soup version 0.21.0-3-g78d12a8 (webtiles) character file.

743 inmateoo the Quickloader (level 8, -5/56 HPs)
             Began as a Human Hunter on Jan 9, 2018.
             Slain by an orc
             ... wielding a +0 trident
              (6 damage)
             ... on level 3 of the Dungeon.
             The game lasted 00:05:05 (4049 turns).

inmateoo the Quickloader (Human Hunter)             Turns: 4049, Time: 00:05:07

Health: -5/56      AC:  5    Str: 12    XL:     8   Next: 5%
Magic:  8/8        EV: 12    Int: 12    God:
Gold:   86         SH:  0    Dex: 16    Spells: 7/7 levels left

rFire    . . .     SeeInvis .   c - +0 scythe
rCold    . . .     Gourm    .   (shield currently unavailable)
rNeg     . . .     Faith    .   m - +2 leather armour {MR+}
rPois    .         Spirit   .   (no helmet)
rElec    .         Reflect  .   (no cloak)
rCorr    .         Harm     .   (no gloves)
MR       +....                  (no boots)
Stlth    ++........             (no amulet)
HPRegen  0.18/turn              k - ring of wizardry
MPRegen  0.11/turn              (no ring)

@: lethally poisoned (-5 -> -6)
A: no striking features
a: no special abilities


You were on level 3 of the Dungeon.
You were hungry.

You visited 1 branch of the dungeon, and saw 3 of its levels.

You collected 86 gold pieces.

Inventory:

Hand Weapons
 a - a +2 hand crossbow
 b - a +0 short sword
 c - a +0 scythe (weapon)
 h - a +2 dagger of protection
Missiles
 d - 15 bolts
Armour
 m - a +2 leather armour of magic resistance (worn)
Jewellery
 k - a ring of wizardry (left hand)
Scrolls
 i - a scroll of amnesia
 j - a scroll of enchant armour
 l - a scroll of remove curse
 o - a scroll of blinking
Potions
 e - a potion of curing
 g - 2 potions of cancellation
 n - a potion of degeneration {unknown}
 p - a potion of mutation {unknown}
 q - a potion of brilliance {unknown}
Comestibles
 f - 2 rations


   Skills:
 + Level 2.0 Fighting
 * Level 0.3 Polearms
 + Level 9.2 Crossbows
 + Level 2.0 Dodging
 - Level 1.0 Stealth


You had 7 spell levels left.
You didn't know any spells.

Dungeon Overview and Level Annotations

Branches:
Dungeon (3/15)

Altars:


Message History

Aim: an orc, wielding a trident and wearing a leather armour (heavily wounded)
You reach to attack!
You hit the orc but do no damage.
The orc is heavily wounded.
You feel sick. The orc barely misses you. x2
Attack whom?
Press: ? - help, Dir - move target cursor, f/p - orc
Aim: an orc, wielding a trident and wearing a leather armour (heavily wounded)
You reach to attack!
You closely miss the orc.
The orc is heavily wounded.
The orc barely misses you.
Attack whom?
Press: ? - help, Dir - move target cursor, f/p - orc
Aim: an orc, wielding a trident and wearing a leather armour (moderately wounded)
You reach to attack!
You hit the orc.
The orc is severely wounded.
You feel sick.
The orc hits you from afar with a trident!
* * * LOW HITPOINT WARNING * * *
The orc hits you from afar with a trident.
You die...

.###....######. #.# ####
...#........... #.# #...
<..#...#######.#####+## #.##
####.......##.........# #.##
..[........##.........# #...
....#...........(.....##########.
....#......##.........'......)...
....#......##....%....##########.
...........##...@)....# #.
######.....######)....# #. #
########....o##.## #. #
#.....%#.# ## # #......#.# #. ###
#?....^#. #. ..# #....... #. #.#
#..?..#. #. #.# #######.. ##


You could see an orc.

Vanquished Creatures
  Grinder (D:3)
  Sigmund (D:3)
  A sky beast (D:3)
  An orc wizard (D:3)
  Jessica (D:3)
  Natasha (thrice) (D:3)
  6 adders
  4 worms (D:3)
  5 dart slugs
  2 leopard geckos (D:3)
  6 orcs (D:3)
  5 giant cockroaches
  10 goblins
  12 hobgoblins
  3 jackals
  10 kobolds
  A quokka (D:3)
  3 ball pythons
  7 bats
  6 frilled lizards
  7 rats
95 creatures vanquished.

Notes
Turn   | Place    | Note
-------+----------+-------------------------------------------
     0 | D:1      | inmateoo the Human Hunter began the quest for the Orb.
     0 | D:1      | Reached XP level 1. HP: 16/16 MP: 1/1
    47 | D:1      | Reached XP level 2. HP: 22/22 MP: 2/2
   354 | D:1      | Reached XP level 3. HP: 27/27 MP: 3/3
   596 | D:1      | Reached skill level 5 in Crossbows
   958 | D:2      | Reached XP level 4. HP: 33/33 MP: 4/4
  1410 | D:2      | Reached XP level 5. HP: 34/38 MP: 5/5
  1510 | D:2      | Reached skill level 6 in Crossbows
  1913 | D:3      | Noticed Natasha
  1930 | D:3      | Killed Natasha
  2230 | D:3      | Noticed Grinder
  2321 | D:3      | Noticed Natasha
  2368 | D:3      | Killed Natasha
  2368 | D:3      | Reached XP level 6. HP: 15/44 MP: 6/6
  2548 | D:3      | Noticed Natasha
  2587 | D:3      | HP: 2/44 [Natasha (2)]
  2896 | D:3      | Noticed Sigmund
  2948 | D:3      | Killed Sigmund
  2948 | D:3      | Reached skill level 7 in Crossbows
  2948 | D:3      | Reached XP level 7. HP: 7/50 MP: 7/7
  3247 | D:3      | Noticed Jessica
  3261 | D:3      | Killed Jessica
  3261 | D:3      | Reached skill level 8 in Crossbows
  3415 | D:3      | Killed Natasha
  3526 | D:3      | Paralysed by Grinder for 3 turns
  3536 | D:3      | Killed Grinder
  3536 | D:3      | Reached skill level 9 in Crossbows
  3536 | D:3      | Reached XP level 8. HP: 36/56 MP: 8/8
  4049 | D:3      | HP: 1/56 [orc/trident (7)]
  4049 | D:3      | Slain by an orc

Skill      XL: |  1  2  3  4  5  6  7 |
---------------+----------------------+-----
Crossbows      | 5 6 7 9 |  9.2
Fighting       | |  2.0
Polearms       | |  0.3
Dodging        | |  2.0
Stealth        | |  1.0

Action                   |  1- 3 |  4- 6 |  7- 9 || total
-------------------------+-------+-------+-------++-------
Melee: Dagger            |       |   110 |    33 ||   143
       Short sword       |       |    42 |       ||    42
       Scythe            |       |       |    31 ||    31
 Fire: Hand crossbow     |    59 |    57 |    39 ||   155
  Use: Scroll            |     7 |     3 |       ||    10
       Potion            |       |     1 |     1 ||     2
 Stab: Sleeping          |       |       |     2 ||     2
  Eat: Chunk             |       |     5 |     1 ||     6
       Ration            |       |       |     1 ||     1
Armor: Leather armour    |     2 |    40 |    23 ||    65
Dodge: Dodged            |     8 |    74 |    49 ||   131
